 Dungeon Crawl Stone Soup version 0.28.0-53-g5a82cb258f (webtiles) character file.

Game seed: 10017489047423412957

163 funkygono the Covered (level 5, -9/46 HPs)
             Began as a Minotaur Fighter on June 29, 2022.
             Was an Initiate of Trog.
             Mangled by a two-headed ogre
             ... wielding a +0 giant club
              (15 damage)
             ... on level 4 of the Dungeon.
             The game lasted 00:05:57 (2436 turns).

funkygono the Covered (Minotaur Fighter)            Turns: 2436, Time: 00:05:57

Health: -9/46      AC: 13    Str: 22    XL:     5   Next: 20%
Magic:  4/4        EV:  9    Int:  5    God:    Trog [......]
Gold:   129        SH:  4    Dex: 10    Spells: 4/4 levels left

rFire   . . .      SeeInvis .   a - +0 long sword
rCold   . . .      Faith    .   c - +0 buckler
rNeg    . . .      Spirit   .   b - +0 scale mail
rPois   .          Reflect  .   (helmet restricted)
rElec   .          Harm     .   j - +0 cloak
rCorr   .          Rampage  .   (no gloves)
Will    +....                   f - +0 pair of boots
Stlth   ..........              (no amulet)
HPRegen 0.15/turn               e - +4 ring of protection
MPRegen 0.09/turn               n - ring of willpower

@: no status effects
A: horns 2, retaliatory headbutt
a: Renounce Religion


You were on level 4 of the Dungeon.
You worshipped Trog.
Trog was noncommittal.
You visited 1 branch of the dungeon, and saw 4 of its levels.

You collected 129 gold pieces.

Inventory:

Hand Weapons
 a - a +0 long sword (weapon)
 i - a +0 mace
Missiles
 g - 18 bolts
Armour
 b - a +0 scale mail (worn)
 c - a +0 buckler (worn)
 f - a +0 pair of boots (worn)
 j - a +0 cloak (worn)
Jewellery
 e - a +4 ring of protection (left hand)
 n - a ring of willpower (right hand)
 o - a ring of resist corrosion
Scrolls
 l - a scroll of noise {unknown}
 q - a scroll of enchant armour {unknown}
 r - a scroll of teleportation
Potions
 d - a potion of might
 h - 3 potions of curing
 k - a potion of mutation
 m - a potion of lignification {unknown}
 p - a potion of resistance {unknown}


   Skills:
 + Level 4.1 Fighting
 + Level 4.0 Long Blades
 + Level 5.4 Armour
 + Level 1.1 Dodging
 + Level 4.1 Shields


You had 4 spell levels left.
You didn't know any spells.
Your spell library was empty.

Dungeon Overview and Level Annotations

Branches:
Dungeon (4/15)
 Temple: D:4-7

Altars:
Sif Muna
Trog


Innate Abilities, Weirdness & Mutations

You have a pair of horns on your head.
You reflexively headbutt those who attack you in melee.


Message History

You kill the adder!
Trog accepts your kill.
You feel sick.
Your Long Blades skill increases to level 4!
You barely miss the quokka. Your headbutt misses the quokka.
You feel sick.
You are no longer poisoned.
The quokka bites you but does no damage.
You block the quokka's attack.
You slash the quokka!
You kill the quokka!
Trog accepts your kill.
A two-headed ogre comes into view. It is wielding two +0 giant clubs.
Found 16 stones, 7 bolts and a scroll labelled ENTAHI EMITZEODUH.
Found a stone staircase leading up.
The two-headed ogre shouts in stereo!
You see here a quokka corpse.
Unknown command.
Okay, then.
You slash the two-headed ogre!
The two-headed ogre is moderately wounded.
The two-headed ogre closely misses you. You furiously retaliate!
You headbutt the two-headed ogre.
The two-headed ogre hits you with a +0 giant club!
You slash the two-headed ogre!
Your headbutt misses the two-headed ogre.
The two-headed ogre is heavily wounded.
The two-headed ogre hits you with a +0 giant club!
* * * LOW HITPOINT WARNING * * *
You block the two-headed ogre's attack.
You slash the two-headed ogre!
The two-headed ogre is heavily wounded.
The two-headed ogre hits you with a +0 giant club!
* * * LOW HITPOINT WARNING * * *
You block the two-headed ogre's attack.
You completely miss the two-headed ogre.
Your headbutt misses the two-headed ogre.
The two-headed ogre is heavily wounded.
The two-headed ogre closely misses you.
The two-headed ogre hits you with a +0 giant club!
You die...

#...[...........).....)...
#..##############)#####.##
#.....###########....##.##
#>...)...............#.[..
#.###.###########.#..####.
#.# #...#########.##......
#.#####.#.........##.####.
#.......#.##########..# #.
#########@# ##.#### #O#
#..# # #.# ##.### #.#
#..## #.# ##†## #†# #..#
#.......( ##.# ###....<(
#.. ....O. ##.


You could see a two-headed ogre.

Vanquished Creatures
  An iguana (D:4)
  Robin (D:2)
  3 adders (D:4)
  An ufetubus (D:4)
  2 adder skeletons (D:4)
  3 worms (D:2)
  6 orcs
  5 endoplasms
  3 giant cockroaches
  16 goblins
  8 hobgoblins
  4 kobolds
  3 quokkas
  6 ball pythons
  3 bats
  3 frilled lizards
  3 rats
71 creatures vanquished.

Vanquished Creatures (others)
  8 plants (D:2)
8 creatures vanquished.

Grand Total: 79 creatures vanquished

Notes
Turn   | Place    | Note
-------+----------+-------------------------------------------
     0 | D:1      | funkygono the Minotaur Fighter began the quest for the Orb.
     0 | D:1      | Reached XP level 1. HP: 19/19 MP: 0/0
   115 | D:1      | Reached XP level 2. HP: 27/27 MP: 1/1
   188 | D:1      | Reached skill level 4 in Armour
   241 | D:1      | Found a faded altar of an unknown god.
   433 | D:2      | Noticed Robin
   452 | D:2      | Killed Robin
   453 | D:2      | Reached XP level 3. HP: 29/33 MP: 2/2
  1195 | D:3      | Found a bloodstained altar of Trog.
  1219 | D:3      | Reached XP level 4. HP: 40/40 MP: 3/3
  1237 | D:3      | Became a worshipper of Trog the Wrathful
  1767 | D:3      | Found a shimmering blue altar of Sif Muna.
  2025 | D:4      | Reached skill level 5 in Armour
  2333 | D:4      | Reached XP level 5. HP: 46/46 MP: 4/4
  2342 | D:4      | Reached skill level 1 in Dodging
  2422 | D:4      | Noticed a two-headed ogre
  2436 | D:4      | Mangled by a two-headed ogre

Illustrated notes

Levels and vault maps discovered:
D:1:      amcnicky_arrival_blooded_trapdoor, layout_rooms,
          shapermc_ecumenical_altar_pompeii
D:2:      layout_rooms, serial_forest, infiniplex_forest_corner_2,
          infiniplex_forest_lined_room_2, infiniplex_forest_clump_medium,
          infiniplex_forest_straight_2, infiniplex_forest_end_double,
          infiniplex_forest_lined_3_way, infiniplex_forest_clump_cross,
          uniq_robin
D:3:      layout_loops_ring, nicolae_sif_muna_little_library,
          mainiacjoe_overflow_alcove_2
D:4:      layout_basic, st_stairs_11

Skill      XL: |  1  2  3  4  5 |
---------------+----------------+-----
Armour         | 4 5 |  5.4
Shields        | 4 |  4.1
Fighting       | 4 |  4.1
Long Blades    | 3 4 |  4.0
Dodging        | 1 |  1.1

Action                   |  1- 3 |  4- 6 || total
-------------------------+-------+-------++-------
Melee: Long sword        |    76 |    79 ||   155
       Headbutt          |    14 |     7 ||    21
  Use: Scroll            |     5 |     3 ||     8
Armor: Scale mail        |    47 |    42 ||    89
Dodge: Dodged            |    38 |    34 ||    72
Block: Buckler           |    11 |    21 ||    32
